 Dungeon Crawl Stone Soup version 0.31-a0-963-ga325b2283a (webtiles) character file.

Game seed: 15791115053969530363

9475 Morbidden the Destroyer (level 11, -2/80 HPs)
             Began as a Demonspawn Conjurer on Oct 25, 2023.
             Was a Priest of Cheibriados.
             Killed from afar by a gargoyle (13 damage)
             ... with a stone arrow
             ... on level 10 of the Dungeon.
             The game lasted 00:14:02 (14524 turns).

Morbidden the Destroyer (Demonspawn Conjurer)      Turns: 14524, Time: 00:14:03

Health: -2/80      AC:  8    Str: 14    XL:     11   Next: 23%
Magic:  0/23       EV: 15    Int: 34    God:    Cheibriados [***...]
Gold:   544        SH:  0    Dex: 19    Spells: 19/26 levels left

rFire   . .          .
                       - Unarmed
rCold   + + .        (no shield)
rNeg    . . .        v - +1 robe {rC+}
rPois   .            O - +1 hat {Int+3}
rElec   .            (no cloak)
rCorr   .            (gloves unavailable)
SInv    .            L - +0 pair of boots
Will    +....        x - amulet of guardian spirit
Stlth   +++          q - ring of willpower
HPRegen 0.33/turn    u - ring of protection from cold
MPRegen 0.18/turn

%: guardian spirit
@: very slow
A: claws 3, thin metallic scales 2, powered by death 1, spiny 2
a: Renounce Religion, Bend Time, Temporal Distortion


You were on level 10 of the Dungeon.
You worshipped Cheibriados.
Cheibriados was most pleased with you.
You visited 2 branches of the dungeon, and saw 12 of its levels.

You collected 544 gold pieces.

Inventory:

Hand Weapons
 a - a +2 dagger of electrocution
Missiles
 B - a throwing net
 I - 5 curare-tipped darts (quivered)
Armour
 v - a +1 robe of cold resistance (worn)
 G - a +2 helmet
 H - a +0 plate armour
 L - a +0 pair of boots (worn)
 O - a +1 hat of intelligence (worn)
Jewellery
 c - a ring of ice
 l - a ring of willpower
 q - a ring of willpower (left claw)
 u - a ring of protection from cold (right claw)
 x - an amulet of guardian spirit (around neck)
 C - a ring of ice
 F - a ring of resist corrosion
Wands
 m - a wand of paralysis (7)
 n - a wand of polymorph (5)
 o - a wand of flame (47)
 s - a wand of iceblast (19)
 t - a wand of acid (5)
Scrolls
 h - a scroll of fear
 k - 6 scrolls of teleportation
 p - a scroll of vulnerability
 y - 2 scrolls of revelation
 A - 2 scrolls of enchant weapon
 D - 2 scrolls of identify
 E - a scroll of silence
 J - a scroll of fog
 K - a scroll of amnesia
Potions
 b - 4 potions of magic
 d - 2 potions of enlightenment {unknown}
 e - a potion of ambrosia {unknown}
 f - a potion of degeneration {unknown}
 g - a potion of resistance {unknown}
 i - a potion of brilliance {unknown}
 j - 5 potions of heal wounds
 r - 6 potions of might
 w - a potion of mutation {unknown}
 z - a potion of haste {unknown}
 M - a potion of attraction {unknown}
 N - a potion of berserk rage {unknown}


   Skills:
 * Level 5.5 Fighting
 + Level 3.0 Short Blades
 + Level 0.2 Throwing
 + Level 2.8 Armour
 * Level 5.4 Dodging
 + Level 4.0 Stealth
 * Level 4.2 Unarmed Combat
 * Level 8.1 Spellcasting
 * Level 9.2 Conjurations
 * Level 4.1 Translocations
 * Level 5.4 Invocations
 + Level 1.7 Evocations


You had 19 spell levels left.
You knew the following spells:

 Your Spells              Type           Power      Damage    Failure   Level
a - Magic Dart            Conj           100%       1d8       1%          1
b - Searing Ray           Conj           100%       2d8       1%          2
z - Iskenderun's Mystic   Conj/Tloc      56%        2d12      1%          4

Your spell library contained the following spells:

 Spells                   Type           Power      Damage    Failure   Level
 Blink                    Tloc           84%        N/A       1%          2
 Lesser Beckoning         Tloc           84%        N/A       1%          2
 Momentum Strike          Conj/Tloc      100%       3d10      1%          2
 Dazzling Flash           Conj/Hex       90%        N/A       1%          3
 Fulminant Prism          Conj/Hex       22%        3d12      4%          4
 Ozocubu's Armour         Ice            13%        N/A       10%         3
 Ozocubu's Refrigeration  Ice            6%         4d8       100%        7


Dungeon Overview and Level Annotations

Branches:
Dungeon (11/15)            Temple (1/1) D:7             Orc (0/2) D:10
   Lair: D:8-11

Altars:
Ashenzari
Cheibriados
Dithmenos
Fedhas
Gozag
Hepliaklqana
Kikubaaqudgha
Makhleb
Nemelex Xobeh
Okawaru
Qazlal
Ru
Sif Muna
Trog
Uskayaw
Vehumet
Wu Jian
Xom
Yredelemnul


Innate Abilities, Weirdness & Mutations

You have claws for hands.
You are mostly covered in thin metallic scales. (AC +3)
You regenerate a little health from kills.
You are mostly covered in sharp spines.


Message History

The gargoyle hits you with a +0 mace!!
The centaur shoots an arrow.
The arrow closely misses you.
The arrow hits the gargoyle.
Unknown command.
Casting: Iskenderun's Mystic Blast (dangerous; 1% risk of failure)
Confirm with . or Enter, or press ? or * to list all spells.
You don't have enough magic to cast this spell.
Unknown command.
Unknown command.
The centaur shoots an arrow.
The arrow closely misses you.
The arrow hits the gargoyle but does no damage.
The gargoyle barely misses you.
You climb upwards.
There is a stone staircase leading down, spattered with blood here.
You see here a +0 leather armour.
Unknown command.
Unknown command.
You are too injured to fight recklessly!
You are too injured to fight recklessly!
Unknown command.
You claw the gargoyle!
The gargoyle is heavily damaged.
The gargoyle hits you with a +0 mace!
Unknown command.
Unknown command.
You scratch the gargoyle.
The gargoyle is severely damaged.
The gargoyle hurls a stone arrow at you.
The stone arrow hits you!!
* * * LOW HITPOINT WARNING * * *
Unknown command.
Unknown command.
Okay, then.
Okay, then.
Aiming: Paralyse
Press: ? - help, Shift-Dir - straight line, f - gargoyle
Aim: a gargoyle, wielding a +0 mace (severely damaged, chance to affect: 35%)
The gargoyle easily resists.
The gargoyle hurls a stone arrow at you.
The stone arrow hits you!
You die...

#.# ##)##.#..........# #.#
##.##.#..........# #.#
##)#.#.###.###...## #.###.###..#
#.# ##### #....## ##.# #.#
#.###.###.## #.# ############
#.#.##.#.## #.#####...........
###..#..###.# ##.......#########.
....###.....###9@##.#### #.
###..#......)#.[###..### #.
.#...............#.....# #.
......#.....#.........###### #.
#.....##...##.........##...## #.
#.....#.....#.........#.....####.
.#...............#............##.
###..#[......#..###..#.......#...
....###.)...###.....###.....#####


You could see a gargoyle.

Vanquished Creatures
  Gastronok (D:10)
  Fannar (D:10)
  2 two-headed ogres
  An ugly thing (D:10)
  A rime drake (D:11)
  Sigmund (D:6)
  3 wyverns
  Grum (D:10)
  8 yaks
  A water moccasin (D:8)
  An orc warrior (D:9)
  2 black bears
  An ogre (D:6)
  4 centaurs
  5 wolves
  2 phantoms
  3 kobold brigands
  A bullfrog (D:9)
  Blork the orc (D:6)
  6 scorpions
  6 wights
  6 killer bees (D:8)
  3 howler monkeys
  3 hounds
  12 orc priests
  2 gnoll boudas
  3 sleepcaps
  3 iguanas
  17 orc wizards
  13 adders
  7 gnolls
  A white imp (D:3)
  2 ufetubi (D:5)
  2 worms
  4 dart slugs
  50 orcs
  4 ball pythons
  6 endoplasms
  A giant cockroach (D:2)
  3 goblins
  5 hobgoblins
  3 jackals (D:5)
  3 quokkas
  7 bats
  2 frilled lizards (D:1)
  23 kobolds
  5 rats
  A butterfly (D:1)
243 creatures vanquished.

Notes
Turn   | Place    | Note
-------+----------+-------------------------------------------
     0 | D:1      | Morbidden the Demonspawn Conjurer began the quest for the
                  | Orb.
     0 | D:1      | Reached XP level 1. HP: 13/13 MP: 3/3
   186 | D:1      | Gained mutation: You have sharp fingernails. [demonic
                  | ancestry]
   186 | D:1      | Reached XP level 2. HP: 19/19 MP: 0/5
   189 | D:1      | Learned a level 2 spell: Searing Ray
  1199 | D:2      | Gained mutation: You have very sharp fingernails. [demonic
                  | ancestry]
  1199 | D:2      | Reached XP level 3. HP: 21/24 MP: 0/6
  1533 | D:2      | Reached skill level 5 in Conjurations
  1612 | D:2      | Identified the +0 leather armour "Vixenicu" {rF+}
  1973 | D:2      | Found a faded altar of an unknown god.
  2105 | D:3      | Reached XP level 4. HP: 31/31 MP: 3/7
  2521 | D:3      | Gained mutation: You are partially covered in sharp spines.
                  | [demonic ancestry]
  2521 | D:3      | Reached XP level 5. HP: 29/36 MP: 3/9
  3014 | D:3      | Reached skill level 1 in Unarmed Combat
  3461 | D:4      | Noticed a black bear
  3466 | D:4      | Killed a black bear
  3467 | D:4      | Reached skill level 1 in Fighting
  3467 | D:4      | Gained mutation: You are partially covered in thin metallic
                  | scales. (AC +2) [demonic ancestry]
  3467 | D:4      | Reached XP level 6. HP: 35/43 MP: 7/11
  3917 | D:4      | Reached skill level 1 in Short Blades
  4139 | D:5      | Entered Level 5 of the Dungeon
  4336 | D:5      | Gained mutation: You are mostly covered in sharp spines.
                  | [demonic ancestry]
  4336 | D:5      | Reached XP level 7. HP: 44/50 MP: 7/13
  4401 | D:5      | Reached skill level 6 in Conjurations
  4877 | D:5      | Learned a level 4 spell: Iskenderun's Mystic Blast
  5299 | D:5      | Gained mutation: You are mostly covered in thin metallic
                  | scales. (AC +3) [demonic ancestry]
  5299 | D:5      | Reached XP level 8. HP: 57/57 MP: 7/15
  5444 | D:5      | Reached skill level 5 in Spellcasting
  5633 | D:6      | Noticed Sigmund
  5637 | D:6      | Killed Sigmund
  5654 | D:6      | Reached skill level 1 in Translocations
  5969 | D:6      | Reached skill level 7 in Conjurations
  6590 | D:6      | Noticed Blork the orc
  6597 | D:6      | Killed Blork the orc
  7590 | D:7      | Found an ornate altar of the Wu Jian Council.
  7612 | D:7      | Found a burning altar of Makhleb.
  7681 | D:7      | Gained mutation: You have claws for hands. [demonic
                  | ancestry]
  7681 | D:7      | Reached XP level 9. HP: 63/64 MP: 7/18
  8333 | D:7      | Found a staircase to the Ecumenical Temple.
  8550 | Temple   | Entered the Ecumenical Temple
  8574 | Temple   | Became a worshipper of Cheibriados the Contemplative
  8607 | D:7      | Found a radiant altar of Vehumet.
  9676 | D:8      | Reached * piety under Cheibriados
  9782 | D:8      | Reached skill level 1 in Invocations
 10291 | D:9      | Reached skill level 8 in Conjurations
 10300 | D:9      | Reached skill level 1 in Armour
 10705 | D:9      | Gained mutation: You regenerate a little health from kills.
                  | [demonic ancestry]
 10705 | D:9      | Reached XP level 10. HP: 62/73 MP: 11/20
 11285 | D:9      | Reached ** piety under Cheibriados
 11578 | D:10     | Entered Level 10 of the Dungeon
 11578 | D:10     | Found a staircase to the Orcish Mines.
 12350 | D:10     | Noticed a two-headed ogre
 12358 | D:10     | Killed a two-headed ogre
 12359 | D:10     | Reached skill level 5 in Fighting
 12796 | D:10     | Noticed Gastronok
 12815 | D:10     | Killed Gastronok
 12816 | D:10     | Reached skill level 5 in Dodging
 12816 | D:10     | Reached skill level 1 in Evocations
 13036 | D:10     | Noticed a +0 short sword
 13037 | D:10     | Noticed a +0 dagger
 13037 | D:10     | Noticed a +0 spear
 13037 | D:10     | Noticed a +0 falchion
 13038 | D:10     | Noticed a +0 spear
 13038 | D:10     | Noticed a +0 short sword
 13038 | D:10     | Noticed a +0 falchion
 13039 | D:10     | Noticed a +0 dagger
 13051 | D:10     | Noticed Grum
 13058 | D:10     | Killed Grum
 13188 | D:10     | Found a hide-covered altar of Uskayaw.
 13481 | D:11     | Noticed a manticore
 13601 | D:11     | Noticed a two-headed ogre
 13606 | D:11     | Reached *** piety under Cheibriados
 13607 | D:11     | Reached skill level 5 in Invocations
 13608 | D:11     | Reached skill level 9 in Conjurations
 13608 | D:11     | Reached XP level 11. HP: 73/80 MP: 8/22
 13610 | D:11     | Killed a two-headed ogre
 13832 | D:11     | Noticed Fannar
 14163 | D:10     | Killed Fannar
 14286 | D:11     | Noticed a cyan ugly thing
 14300 | D:10     | Killed a red ugly thing
 14524 | D:10     | Killed from afar by a gargoyle

Illustrated notes

Levels and vault maps discovered:
D:1:      spicycebolla_arrival_clurvy, layout_loops_ring
D:2:      layout_rooms, shapermc_ecumenical_altar_mp_urbaneastern,
          chequers_garden, minmay_diced_spiral
D:3:      layout_loops_corners, minmay_misc_feat_ornament
D:4:      cheibrodos_quashed, layout_rooms, nicolae_the_louvre
D:5:      layout_loops_ring, serial_bayou_crossing
D:6:      layout_layer_cave, uniq_blork_the_orc, uniq_sigmund
D:7:      layout_loops_cross, bloody_makhleb,
          nicolae_wu_jian_immortal_techniques, vehumet_altar_wand_db,
          minmay_temple_entry_overgrown
D:8:      minmay_spotlight, layout_loops_ring, david_defended_altar_orc
D:9:      layout_roguey
D:10:     nicolae_cairo_tiling_large_dashed, layout_loops_ring,
          nicolae_uskayaw_en_pointe, uniq_grum, uniq_gastronok
D:11:     layout_irregular_city, hellmonk_lair_entry_icy,
          hangedman_abyss_or_decor_jellyfish_corner, minmay_misc_feat_x,
          uniq_nergalle, uniq_fannar
Temple:   mainiacjoe_temple_bowtie_tessellation

Skill      XL: |  1  2  3  4  5  6  7  8  9 10 11 |
---------------+----------------------------------+-----
Dodging        | 2 3 4 5 |  5.4
Stealth        | 2 3 4 |  4.0
Conjurations   | 5 6 7 8 9 |  9.2
Spellcasting   | 3 4 6 7 8 |  8.1
Unarmed Combat | 1 2 3 4 |  4.2
Fighting       | 1 2 3 4 5 |  5.5
Short Blades   | 1 2 3 |  3.0
Translocations | 1 3 4 |  4.1
Invocations    | 2 5 |  5.4
Armour         | 1 2 |  2.8
Evocations     | 1 |  1.7
Throwing       | |  0.2

Action                     |  1- 3 |  4- 6 |  7- 9 | 10-12 || total
---------------------------+-------+-------+-------+-------++-------
  Melee: Unarmed           |    24 |    28 |    48 |    47 ||   147
         Dagger            |       |    16 |    31 |       ||    47
         Punch             |       |       |     1 |     3 ||     4
  Throw: Dart              |       |       |       |     3 ||     3
   Cast: Magic Dart        |    81 |    87 |   172 |    58 ||   398
         Searing Ray       |     1 |     2 |    42 |    20 ||    65
         Iskenderun's Myst |       |       |     4 |    24 ||    28
  Evoke: Wand              |       |     6 |     5 |    13 ||    24
    Use: Scroll            |       |       |     9 |     2 ||    11
   Stab: Sleeping          |     1 |     2 |     1 |     1 ||     5
         Paralysed         |       |     8 |     1 |       ||     9
 Armour: Robe              |    20 |    29 |    55 |    18 ||   122
         Leather armour    |       |       |    23 |    67 ||    90
  Dodge: Dodged            |    22 |    12 |    66 |    88 ||   188

Table legend: (Time is in decaauts)
 A = Elapsed time spent in this place.
 B = Non-inter-level travel time spent in this place.
 C = Inter-level travel time spent in this place.
 D = Time resting spent in this place.
 E = Time spent auto-exploring this place.
 F = Levels seen in this place.
 G = Mean time per level.
                   A        B        C        D        E       F      G
               +--------+--------+--------+--------+--------+-----+--------+
         Total |  15471 |  14835 |    636 |   2477 |  10761 |  12 | 1289.2 |
       Dungeon |  15425 |  14828 |    597 |   2477 |  10756 |  11 | 1402.3 |
        Temple |     46 |      8 |     38 |      0 |      5 |   1 |   46.0 |
               +--------+--------+--------+--------+--------+-----+--------+

Top non-repeatable levels by time:
    D:10: 2596 daAuts
     D:9: 1985 daAuts
     D:6: 1970 daAuts
     D:8: 1553 daAuts
     D:5: 1482 daAuts
     D:7: 1391 daAuts
     D:3: 1193 daAuts
     D:1: 1193 daAuts
     D:2: 878 daAuts
     D:4: 872 daAuts
    D:11: 310 daAuts
  Temple: 46 daAuts
